 Dungeon Crawl Stone Soup version 0.29-a0-824-gd827844252 (webtiles) character file.

Game seed: 1824040633454980504

9 coolguy69 the Cutter (level 2, -2/16 HPs)
             Began as a Vine Stalker Monk on July 10, 2022.
             Killed from afar by Sigmund (9 damage)
             ... with a puff of flame
             ... on level 2 of the Dungeon.
             The game lasted 00:00:25 (952 turns).

coolguy69 the Cutter (Vine Stalker Monk)             Turns: 952, Time: 00:00:28

Health: -2/16      AC:  2    Str: 13    XL:     2   Next: 12%
Magic:  0/3        EV: 13    Int: 10    God:
Gold:   41         SH:  0    Dex: 16    Spells: 1/1 levels left

rFire   . . .      SeeInvis .   a - +0 short sword
rCold   . . .      Faith    .   (no shield)
rNeg    . . .      Spirit   +   b - +0 robe
rPois   .          Reflect  .   (no helmet)
rElec   .          Harm     .   (no cloak)
rCorr   .          Rampage  .   (no gloves)
Will    .....      Clarity  +   (no boots)
Stlth   ++........              (no amulet)
HPRegen 0.05/turn               (no ring)
MPRegen 0.08/turn               (no ring)

@: flying, invisible
A: fangs 2, magic shield, antimagic bite, no potion heal 2, talons 1, clarity
a: no special abilities


You were on level 2 of the Dungeon.
You visited 1 branch of the dungeon, and saw 2 of its levels.

You collected 41 gold pieces.

Inventory:

Hand Weapons
 a - a +0 short sword (weapon)
Armour
 b - a +0 robe (worn)
Scrolls
 e - a scroll of enchant armour {unknown}
 g - a scroll of vulnerability {unknown}
 i - a scroll of identify {unknown}
Potions
 c - a potion of ambrosia


   Skills:
 + Level 2.8 Fighting
 + Level 2.9 Short Blades
 + Level 2.6 Dodging
 + Level 2.5 Stealth


You had one spell level left.
You didn't know any spells.
Your spell library contained the following spells:

 Spells                   Type           Power      Damage    Failure   Level
 Freeze                   Ice            0%         1d3       36%         1
 Magic Dart               Conj           0%         1d3       36%         1
 Call Imp                 Summ           0%         N/A       50%         2
 Frozen Ramparts          Ice            0%         1d2       75%         3
 Mephitic Cloud           Conj/Pois/Air  0%         N/A       75%         3
 Hailstorm                Conj/Ice       0%         3d3       98%         4


Dungeon Overview and Level Annotations

Branches:
Dungeon (2/15)

Altars:

Annotations:
D:2 Sigmund


Innate Abilities, Weirdness & Mutations

You have extremely sharp teeth.
When hurt, damage is shared between your health and your magic reserves.
Your bite disrupts and absorbs the magic of your enemies.
Potions cannot restore your health.
You have sharp toenails.
You possess an exceptional clarity of mind.


Message History

No target in view!
Done exploring.
(D) Dungeon
Where to? (? - help)
There is a stone staircase leading down here.
You climb downwards.
There is a stone staircase leading up here.
No target in view!
Sigmund the Dreaded comes into view.
He is wielding a +0 scythe and wearing a +1 robe of willpower.
Found a scroll labelled IHICZA WAWANN.
Found a stone staircase leading down.
Sigmund is nearby!
Sigmund is nearby!
Sigmund is nearby!
You see here a scroll labelled IHICZA WAWANN.
The helpless Sigmund fails to defend himself.
You puncture Sigmund!
Sigmund is severely wounded.
Sigmund casts a spell.
Sigmund flickers and vanishes!
Deactivating autopickup; reactivate with Ctrl-A.
No target in view!
No target in view!
No target in view!
It was a potion of mutation.
You feel extremely strange.
Your toenails lengthen and sharpen.
Your thoughts seem clearer.
Something hits you!
Ouch! That really hurt!
It was a potion of cancellation.
You feel magically purged.
It was a potion of invisibility.
You fade into invisibility!
You hear some strange, mumbled words.
Something tries to affect you, but you resist.
It was a potion of flight.
You feel very buoyant.
You fly up into the air.
You hear some strange, mumbled words.
A puff of flame appears from out of thin air!
The puff of flame hits you!
Ouch! That really hurt!
You die...

.# ##. ... #
..## #..#.
#..#
##.#..##.#
..##....###
#..##.#..#
#.##..#.##..#
#....<####.#
####### #@#
#{.......
...#.....
..#.> #...
..# .## ##
##. .. .. ..
.. ##.


There were no monsters in sight!

Vanquished Creatures
  A giant cockroach (D:1)
  2 goblins (D:1)
  3 hobgoblins (D:1)
  A bat (D:1)
7 creatures vanquished.

Notes
Turn   | Place    | Note
-------+----------+-------------------------------------------
     0 | D:1      | coolguy69 the Vine Stalker Monk began the quest for the
                  | Orb.
     0 | D:1      | Reached XP level 1. HP: 11/11 MP: 2/2
   610 | D:1      | Reached XP level 2. HP: 7/16 MP: 1/3
   943 | D:2      | Noticed Sigmund
   949 | D:2      | Gained mutation: You have sharp toenails. [potion of
                  | mutation]
   949 | D:2      | Gained mutation: You possess an exceptional clarity of
                  | mind. [potion of mutation]
   952 | D:2      | Killed from afar by Sigmund

Illustrated notes

Levels and vault maps discovered:
D:1:      arrival_zaba_pyramid, layout_loops_ring
D:2:      layout_rooms, serial_shops, shop, nicolae_shop_waterfront, shop,
          shapermc_ecumenical_altar_gd, nicolae_eternal_life, minmay_ruptured,
          uniq_sigmund

Action                   || total
-------------------------++-------
Melee: Short sword       ||    19
       Bite              ||     4
  Use: Potion            ||     4
 Stab: Sleeping          ||     3
Armor: Robe              ||     4
Dodge: Dodged            ||    10

Table legend: (Time is in decaauts)
 A = Elapsed time spent in this place.
 B = Non-inter-level travel time spent in this place.
 C = Inter-level travel time spent in this place.
 D = Time resting spent in this place.
 E = Time spent auto-exploring this place.
 F = Levels seen in this place.
 G = Mean time per level.
                   A        B        C        D        E       F      G
               +--------+--------+--------+--------+--------+-----+--------+
         Total |    951 |    932 |     19 |      0 |    862 |   2 |  475.5 |
       Dungeon |    951 |    932 |     19 |      0 |    862 |   2 |  475.5 |
               +--------+--------+--------+--------+--------+-----+--------+

Top non-repeatable levels by time:
     D:1: 938 daAuts
     D:2: 12 daAuts
